 Dungeon Crawl Stone Soup version 0.20.1-1-g8b1a95d (console) character file.

79 hilaritas the Chiller (level 3, -4/26 HPs)
             Began as a Demigod Ice Elementalist on Dec 3, 2017.
             Slain by a gnoll
             ... wielding a +0 spear
              (9 damage)
             ... on level 2 of the Dungeon on Dec 4, 2017.
             The game lasted 00:05:15 (1758 turns).

hilaritas the Chiller (Demigod Ice Elementalist)    Turns: 1758, Time: 00:05:17

Health: -4/26      AC:  3    Str: 11    XL:     3   Next: 97%
Magic:  4/8        EV: 12    Int: 21    God:
Gold:   120        SH:  0    Dex: 16    Spells: 2/5 levels left

rFire    . . .     SeeInvis .   i - +0 whip
rCold    . . .     Gourm    .   (no shield)
rNeg     . . .     Faith    .   a - +0 robe
rPois    .         Spirit   .   e - +0 helmet
rElec    .         Reflect  .   (no cloak)
rCorr    .         Harm     .   (no gloves)
MR       .....                  (no boots)
Stlth    ++........             (no amulet)
Regen    0.1/turn               (no ring)
MPRegen  0.2/turn               (no ring)

@: no status effects
A: high mp 1
a: no special abilities


You were on level 2 of the Dungeon.
You were not hungry.

You visited 1 branch of the dungeon, and saw 2 of its levels.

You collected 120 gold pieces.

Inventory:

Hand Weapons
 i - a +0 whip (weapon)
Missiles
 k - 31 arrows
Armour
 a - a +0 robe (worn)
 e - a +0 helmet (worn)
Scrolls
 f - a scroll of remove curse {unknown}
 h - 2 scrolls of identify {unknown}
 j - a scroll of enchant armour {unknown}
 o - a scroll of immolation {unknown}
 q - a scroll of teleportation {unknown}
Potions
 l - a potion of flight {unknown}
 n - 2 potions of curing {unknown}
 p - 2 potions of agility {unknown}
Books
 b - a book of Frost

   Spells                             Type                      Level
   a - Freeze                         Ice                          1
   b - Throw Frost                    Conjuration/Ice              2
   c - Ozocubu's Armour               Charms/Ice                   3
   d - Throw Icicle                   Conjuration/Ice              4
   e - Summon Ice Beast               Ice/Summoning                4
Comestibles
 c - a bread ration
 d - 2 royal jellies
 g - a chunk of flesh
 m - 3 fruits


   Skills:
 - Level 1.7 Dodging
 - Level 1.7 Stealth
 - Level 1.7 Spellcasting
 * Level 2.2 Conjurations
 - Level 4.0 Ice Magic


You had 2 spell levels left.
You knew the following spells:

 Your Spells              Type           Power        Failure   Level  Hunger
a - Freeze                Ice            ###.         3%          1    #......
b - Throw Frost           Conj/Ice       ##....       6%          2    ###....


Dungeon Overview and Level Annotations

Branches:
Dungeon (2/15)


Innate Abilities, Weirdness & Mutations

You have an increased reservoir of magic. (+10% MP)


Message History

Aiming: Freeze
Press: ? - help, Shift-Dir - straight line, f - gnoll
Aim: a gnoll, wielding a flail You freeze the gnoll.
The gnoll is heavily wounded.
The gnoll shouts!
The gnoll hits you with a flail!
* * * LOW HITPOINT WARNING * * *
Casting: Freeze
Confirm with . or Enter, or press ? or * to list all spells.
Aiming: Freeze
Press: ? - help, Shift-Dir - straight line, f/p - gnoll
Aim: a gnoll, wielding a flail (heavily wounded)
You freeze the gnoll.
You kill the gnoll!
You see here a quokka corpse.
The gnoll hits you but does no damage.
You see here a quokka corpse.
The gnoll hits you with a spear!
You die...

## .. #############
.# #.....†@g.#.##.#
#.#######<...#.#####
#.# #......#.....
#.# #........#.# #.#
###.##.#...#. .# #.#
#g......... .. #.#
#..g###.### #. #.#
#+#...# # #. ###.##
#....### ##. #..#.#
#..r..# .. #.#.##
#......# #†


You could see a gnoll.

Vanquished Creatures
  2 gnolls (D:2)
  An adder (D:1)
  A worm (D:2)
  2 dart slugs
  2 leopard geckos
  A giant cockroach (D:1)
  3 goblins
  2 hobgoblins
  8 jackals (D:2)
  2 quokkas (D:2)
  A ball python (D:2)
  5 bats
  4 frilled lizards
  5 kobolds
  2 rats
41 creatures vanquished.

Notes
Turn   | Place    | Note
-------+----------+-------------------------------------------
     0 | D:1      | hilaritas the Demigod Ice Elementalist began the quest for the Orb.
     0 | D:1      | Reached XP level 1. HP: 14/14 MP: 5/5
   265 | D:1      | Reached skill level 3 in Ice Magic
   478 | D:1      | Reached XP level 2. HP: 20/20 MP: 5/7
   526 | D:1      | Learned a level 2 spell: Throw Frost
   646 | D:1      | Reached skill level 1 in Conjurations
   908 | D:2      | Reached XP level 3. HP: 26/26 MP: 4/8
  1274 | D:2      | Reached skill level 4 in Ice Magic
  1345 | D:2      | Found a faded altar of an unknown god.
  1758 | D:2      | Slain by a gnoll

Skill      XL: |  1  2  3 |
---------------+----------+-----
Ice Magic      | 3 4 |  4.0
Conjurations   | 1 2 |  2.2
Dodging        | |  1.7
Stealth        | |  1.7
Spellcasting   | |  1.7

Action                   || total
-------------------------++-------
Melee: Whip              ||     4
 Cast: Freeze            ||    64
  Eat: Chunk             ||     3
Armor: Robe              ||    11
Dodge: Dodged            ||    41
